 Dungeon Crawl Stone Soup version 0.20.0-15-g7f486f2 (webtiles) character file.

8396 Zwobot the Protected (level 11, 0/69 HPs)
             Began as a Deep Elf Fighter on June 11, 2017.
             Was a Follower of Kikubaaqudgha.
             Killed from afar by a gargoyle (15 damage)
             ... with a stone arrow
             ... on level 10 of the Dungeon.
             The game lasted 00:45:46 (10772 turns).

Zwobot the Protected (Deep Elf Fighter)            Turns: 10772, Time: 00:45:47

Health: 0/69       AC: 15    Str: 21    XL:     11   Next: 9%
Magic:  19/19      EV:  7    Int: 14    God:    Kikubaaqudgha [*.....]
Gold:   499        SH:  9    Dex: 14    Spells: 12/18 levels left

rFire    . . .     SeeInvis .   a - +5 dagger (venom)
rCold    . . .     Gourm    .   x - +0 shield {rPois}
rNeg     . . .     Faith    .   p - +0 plate armour
rPois    +         Spirit   .   v - +0 helmet
rElec    .         Reflect  .   (no cloak)
rCorr    .         Harm     .   (no gloves)
MR       +....                  (no boots)
Stlth    ..........             (no amulet)
Regen    0.3/turn               G - ring of poison resistance
MPRegen  0.2/turn               c - +5 ring of strength

@: hasted, very quick
A: no striking features
a: Receive Corpses, Renounce Religion


You were on level 10 of the Dungeon.
You worshipped Kikubaaqudgha.
Kikubaaqudgha was aware of your devotion.
You were not hungry.

You visited 3 branches of the dungeon, and saw 12 of its levels.
You also visited: Sewer.

You collected 499 gold pieces.

Inventory:

Hand Weapons
 a - a +5 dagger of venom (weapon)
 h - a +0 rapier
 A - a cursed +0 whip
 F - a +0 dagger of venom
 H - the +9 whip of the Doomed Warrior {venom, Str+3 Dex+2, unknown}
   (You found it on level 9 of the Dungeon)

   It poisons the flesh of those it strikes.
   It affects your strength (+3).
   It affects your dexterity (+2).
Armour
 i - a +1 hat
 p - a +0 plate armour (worn)
 t - a +0 troll leather armour {Purgy}
 v - a +0 helmet (worn)
 x - a +0 shield of poison resistance (worn)
 y - a +0 buckler
 D - a +2 robe of fire resistance
Jewellery
 c - a +5 ring of strength (right hand)
 B - an uncursed ring of fire
 G - a ring of poison resistance (left hand)
Wands
 b - a wand of digging (7/24)
 E - a wand of flame (20/48)
Scrolls
 e - 2 scrolls of teleportation
 j - 4 scrolls of identify
 m - 4 scrolls of amnesia
 q - a scroll of fog
 r - 2 scrolls of remove curse
 s - a scroll of recharging
Potions
 k - a potion of curing
 n - a potion of cancellation
 w - 4 potions of lignification
 z - a potion of brilliance
Books
 u - a book of Debilitation

   Spells                             Type                      Level
   a - Corona                         Hexes                        1
   b - Slow                           Hexes                        2
   c - Inner Flame                    Hexes/Fire                   3
   d - Portal Projectile              Hexes/Translocation          3
   e - Cause Fear                     Hexes                        4
   f - Leda's Liquefaction            Hexes/Earth                  4
 C - Kikubaaqudgha's Disquisition on Unholy Rituals
   (Kikubaaqudgha gifted it to you on level 7 of the Dungeon)

   Spells                             Type                      Level
   a - Animate Skeleton               Necromancy                   1
   b - Corpse Rot                     Necromancy                   2
   c - Sublimation of Blood           Necromancy                   2
   d - Regeneration                   Charms/Necromancy            3
   e - Control Undead                 Necromancy                   4
Comestibles
 f - 6 bread rations
 g - 2 royal jellies
 o - 7 meat rations


   Skills:
 + Level 8.4 Fighting
 - Level 4.0 Short Blades
 * Level 8.8 Armour
 - Level 6.2 Dodging
 - Level 1.0 Stealth
 - Level 2.4 Shields
 - Level 4.0 Spellcasting
 + Level 8.8 Necromancy


You had 12 spell levels left.
You knew the following spells:

 Your Spells              Type           Power        Failure   Level  Hunger
a - Animate Skeleton      Necr           N/A          41%         1    None
b - Corpse Rot            Necr           N/A          54%         2    ##.....
c - Regeneration          Chrm/Necr      ###.......   100%        3    ###....


Dungeon Overview and Level Annotations

Branches:
Dungeon (10/15)            Temple (1/1) D:6            Lair (1/6) D:9
    Orc: D:9-12

Altars:
Ashenzari
Cheibriados
Dithmenos
Elyvilon
Fedhas
Gozag
Hepliaklqana
Kikubaaqudgha
Makhleb
Nemelex Xobeh
Okawaru
Qazlal
Ru
Sif Muna
Trog
Uskayaw
Vehumet
Xom
Yredelemnul
Zin
The Shining One

Annotations:
D:9 Erolcha


Message History

The gargoyle is severely damaged.
The gargoyle hits you but does no damage.
You hit the gargoyle but do no damage.
The gargoyle is severely damaged.
You hit the gargoyle but do no damage.
The gargoyle is severely damaged.
The gargoyle hurls a stone arrow at you.
The stone arrow hits you!
* * * LOW HITPOINT WARNING * * *
You feel better.
The gargoyle hurls a stone arrow at you.
The stone arrow hits you!
* * * LOW HITPOINT WARNING * * *
Unknown command.
You feel better.
You feel better.
The gargoyle hurls a stone arrow at you.
The stone arrow hits you!
You die...
Kikubaaqudgha rasps: "You have failed me!
Welcome... death!"

.....##
##.......
.........
#........
#........
#........
#......#
#......#
#@9....#
#......#
#......#
#......#
.......#
##+####.#
.# .


You could see a gargoyle.

Vanquished Creatures
  A two-headed ogre (D:9)
  Pikel (D:5)
  2 orc sorcerers (D:9)
  A hippogriff (D:8)
  Sigmund (D:3)
  5 yaks (Lair:1)
  A hungry ghost (D:6)
  Edmund (D:4)
  2 water moccasins
  5 porcupines
  Purgy (Sewer)
  An ice beast (D:9)
  3 orc warriors
  A sky beast (D:8)
  2 slaves (D:5)
  2 centaurs
  2 ogres
  A crocodile (Lair:1)
  4 bullfrogs
  3 wights (D:6)
  A howler monkey (D:6)
  5 crimson imps
  2 quasits
  A hound (D:4)
  5 orc priests
  16 orc wizards
  A bullfrog skeleton (D:6)
  A centaur skeleton (D:7)
  A gnoll shaman (D:3)
  Natasha (twice) (D:3)
  Terence (D:2)
  An iguana (D:4)
  6 worker ants
  11 gnolls
  10 adders
  3 worms
  2 dart slugs
  3 leopard geckos
  35 orcs
  8 giant cockroaches
  7 goblins
  4 hobgoblins
  13 jackals
  5 kobolds
  8 quokkas
  4 ball pythons
  11 bats
  6 frilled lizards
  2 jackal skeletons
  A leopard gecko skeleton (D:4)
  10 rats
226 creatures vanquished.

Vanquished Creatures (collateral kills)
  2 hydras (Lair:1)
  A spiny frog (Lair:1)
  A hippogriff (Lair:1)
  A wyvern (Lair:1)
  4 yaks (Lair:1)
  A porcupine (Lair:1)
  An orc warrior (D:9)
  An ogre (D:9)
  A crocodile (Lair:1)
  A bullfrog (D:9)
  A jelly (D:8)
  A bullfrog skeleton (D:8)
  An orc wizard (D:9)
  2 orcs (D:9)
  A jackal (D:8)
20 creatures vanquished.

Vanquished Creatures (others)
  An orc priest (D:5)
  An orc (D:5)
  2 jackals (D:5)
  A fungus (Lair:1)
5 creatures vanquished.

Grand Total: 251 creatures vanquished

Notes
Turn   | Place    | Note
-------+----------+-------------------------------------------
     0 | D:1      | Zwobot the Deep Elf Fighter began the quest for the Orb.
     0 | D:1      | Reached XP level 1. HP: 13/13 MP: 3/3
   329 | D:1      | Reached XP level 2. HP: 18/18 MP: 4/4
   792 | D:2      | Reached XP level 3. HP: 22/22 MP: 5/5
  1017 | D:2      | Noticed Terence
  1036 | D:2      | Killed Terence
  1036 | D:2      | Reached XP level 4. HP: 28/28 MP: 6/6
  2226 | D:3      | Reached XP level 5. HP: 30/33 MP: 7/7
  2589 | D:3      | Found a glowing drain.
  2622 | Sewer    | Entered a sewer
  2646 | Sewer    | Reached skill level 5 in Fighting
  2693 | Sewer    | Noticed Purgy
  2700 | Sewer    | Killed Purgy
  2700 | Sewer    | Reached XP level 6. HP: 25/40 MP: 8/8
  2816 | D:3      | Noticed Sigmund
  2831 | D:3      | Killed Sigmund
  3204 | D:3      | Reached XP level 7. HP: 47/47 MP: 9/9
  3320 | D:3      | Noticed Natasha
  3323 | D:3      | Killed Natasha
  3908 | D:3      | Noticed Natasha
  3917 | D:3      | Killed Natasha
  5013 | D:4      | Noticed Edmund
  5039 | D:4      | Killed Edmund
  5039 | D:4      | Reached XP level 8. HP: 52/53 MP: 10/10
  5321 | D:5      | Entered Level 5 of the Dungeon
  5608 | D:5      | Reached skill level 5 in Armour
  5758 | D:5      | Noticed Pikel
  5792 | D:5      | Killed Pikel
  6069 | D:6      | Reached XP level 9. HP: 35/57 MP: 11/11
  6473 | D:6      | Found a staircase to the Ecumenical Temple.
  6482 | Temple   | Entered the Ecumenical Temple
  6739 | Temple   | Became a worshipper of Kikubaaqudgha
  7109 | D:7      | Noticed a two-headed ogre
  7649 | D:7      | Reached * piety under Kikubaaqudgha
  7649 | D:7      | Identified Kikubaaqudgha's Disquisition on Unholy Rituals (Kikubaaqudgha gifted it to you on level 7 of the Dungeon)
  7649 | D:7      | Received a gift from Kikubaaqudgha
  7776 | D:8      | Learned a level 1 spell: Animate Skeleton
  7779 | D:8      | Learned a level 2 spell: Corpse Rot
  7783 | D:8      | Learned a level 3 spell: Regeneration
  8055 | D:8      | Reached skill level 1 in Stealth
  8068 | D:8      | Reached skill level 1 in Dodging
  8068 | D:8      | Reached skill level 1 in Spellcasting
  8068 | D:8      | Reached skill level 1 in Necromancy
  8538 | D:9      | Noticed Erolcha
  8616 | D:9      | Noticed a two-headed ogre
  8645 | D:9      | Killed a two-headed ogre
  8645 | D:9      | Reached XP level 10. HP: 42/63 MP: 14/17
  8737 | D:9      | Reached skill level 5 in Necromancy
  8876 | D:9      | Found a staircase to the Lair.
  8978 | D:9      | Noticed an orc sorcerer
  8985 | D:9      | Killed an orc sorcerer
  8998 | D:9      | Noticed an orc sorcerer
  9030 | D:9      | Killed an orc sorcerer
  9154 | D:9      | Got a steaming whip
  9480 | D:10     | Entered Level 10 of the Dungeon
  9480 | D:10     | Noticed a gargoyle
  9518 | Lair:1   | Entered Level 1 of the Lair of Beasts
  9567 | Lair:1   | Noticed a six-headed hydra
  9567 | Lair:1   | Reached skill level 5 in Dodging
  9684 | Lair:1   | Noticed a four-headed hydra
  9699 | Lair:1   | Noticed a spiny frog
  9713 | Lair:1   | Killed a spiny frog
  9745 | Lair:1   | Reached ** piety under Kikubaaqudgha
 10026 | Lair:1   | Killed a four-headed hydra
 10026 | Lair:1   | Reached XP level 11. HP: 56/69 MP: 14/19
 10061 | Lair:1   | Killed a six-headed hydra
 10247 | Lair:1   | Noticed an eight-headed hydra
 10770 | D:10     | HP: 2/69 [gargoyle/stone arrow (21)]
 10772 | D:10     | Killed from afar by a gargoyle

Skill      XL: |  1  2  3  4  5  6  7  8  9 10 |
---------------+-------------------------------+-----
Short Blades   | 3 4 |  4.0
Fighting       | 3 4 5 6 7 8 |  8.4
Armour         | 3 7 8 |  8.8
Stealth        | 1 |  1.0
Dodging        | 3 6 |  6.2
Spellcasting   | 3 4 |  4.0
Necromancy     | 4 8 |  8.8
Shields        | |  2.4

Action                   |  1- 3 |  4- 6 |  7- 9 | 10-12 || total
-------------------------+-------+-------+-------+-------++-------
Melee: Rapier            |    14 |       |       |       ||    14
       Dagger            |    78 |   150 |   569 |   156 ||   953
Throw: Tomahawk          |       |       |     1 |       ||     1
 Cast: Animate Skeleton  |       |       |     5 |    37 ||    42
       Corpse Rot        |       |       |     3 |     4 ||     7
Invok: Receive Corpses   |       |       |     3 |     6 ||     9
Evoke: Wand              |       |       |       |     3 ||     3
  Use: Scroll            |     5 |     3 |    14 |     3 ||    25
       Potion            |       |     3 |     3 |    10 ||    16
 Stab: Invisible         |       |       |     3 |       ||     3
       Sleeping          |       |       |     1 |     2 ||     3
       Distracted        |       |       |       |     1 ||     1
  Eat: Chunk             |       |     7 |    13 |     6 ||    26
       Royal jelly       |       |       |     5 |     3 ||     8
       Fruit             |       |       |     1 |       ||     1
Armor: Scale mail        |    33 |    14 |       |       ||    47
       Plate armour      |       |    65 |   308 |     2 ||   375
       Troll leather arm |       |       |    18 |    39 ||    57
Dodge: Dodged            |    19 |    11 |    89 |   109 ||   228
Block: Shield            |    34 |    63 |   196 |     6 ||   299
